 Dungeon Crawl Stone Soup version 0.30-a0-377-g5cb311bc9f (webtiles) character file.

Game seed: 15251174301526278679

9 Shayle the Conjurer (level 2, 22/22 HPs)
             Began as a Demonspawn Reaver on Nov 30, 2022.
             Quit the game on level 1 of the Dungeon.
             The game lasted 00:01:32 (146 turns).

Shayle the Conjurer (Demonspawn Reaver)              Turns: 146, Time: 00:01:32

Health: 22/22      AC:  3    Str: 12    XL:     2   Next: 3%
Magic:  5/5        EV: 11    Int: 14    God:
Gold:   9          SH:  0    Dex: 11    Spells: 4/5 levels left

rFire   . . .      SeeInvis .    a - +0 hand axe
rCold   . . .      Faith    .    (no shield)
rNeg    . . .      Spirit   .    b - +0 leather armour
rPois   .          Reflect  .    (no helmet)
rElec   .          Harm     .    (no cloak)
rCorr   .          Rampage  .    (no gloves)
Will    .....                    (no boots)
Stlth   +.........               d - amulet of regeneration
HPRegen 1.03/turn                (no ring)
MPRegen 0.09/turn                (no ring)

@: no status effects
A: claws 1
a: no special abilities


You were on level 1 of the Dungeon.
You visited 1 branch of the dungeon, and saw 1 of its levels.

You collected 9 gold pieces.

Inventory:

Hand Weapons
 a - a +0 hand axe (weapon)
Armour
 b - a +0 leather armour (worn)
Jewellery
 d - an amulet of regeneration (around neck)
Scrolls
 c - a scroll of fog {unknown}
 e - a scroll of immolation {unknown}


   Skills:
 + Level 2.2 Fighting
 - Level 2.6 Axes
 + Level 0.7 Armour
 - Level 1.7 Dodging
 + Level 0.8 Stealth
 - Level 2.0 Spellcasting
 - Level 3.0 Conjurations


You had 4 spell levels left.
You knew the following spells:

 Your Spells              Type           Power      Damage    Failure   Level
a - Kiss of Death         Conj/Necr      20%        2d7       16%         1

Your spell library contained the following spells:

 Spells                   Type           Power      Damage    Failure   Level
 Momentum Strike          Conj/Tloc      10%        3d8       24%         2
 Beastly Appendage        Tmut           2%         N/A       30%         1
 Wereblood                Tmut           1%         N/A       41%         2
 Hailstorm                Conj/Ice       5%         3d4       43%         3
 Spider Form              Tmut/Pois      1%         N/A       65%         3


Dungeon Overview and Level Annotations

Branches:
Dungeon (1/15)

Altars:


Innate Abilities, Weirdness & Mutations

You have sharp fingernails.


Message History

HP restored.
Found a leather armour.
d - an amulet of regeneration You start putting on your amulet.
You continue putting on your amulet of regeneration. x5
You finish putting on your amulet of regeneration.
The amulet throbs as it attunes itself to your uninjured body.
d - an amulet of regeneration (around neck)
You now have 9 gold pieces.
A dart slug comes into view.
Found 12 gold pieces.
Found a ring mail and a book of Changes.
The dart slug launches a dart at you.
The slug dart hits you but does no damage.
Found 11 gold pieces.
You hit the dart slug.
The dart slug is moderately wounded.
The dart slug closely misses you.
You hit the dart slug.
The dart slug is heavily wounded.
The dart slug closely misses you.
You completely miss the dart slug.
The dart slug is heavily wounded.
The dart slug closely misses you.
You hit the dart slug.
You kill the dart slug!
You have reached level 2!
Your demonic ancestry asserts itself...
Your fingernails lengthen.
e - a scroll labelled CETHIT GUTO A kobold comes into view.
It is wielding a +0 short sword.
Found a buckler.
The kobold shouts!
The kobold closely misses you.
You hit the kobold.
You kill the kobold!
You see here a +0 short sword.
You pick up a book of Changes and begin reading...
You add the spells Beastly Appendage, Wereblood and Spider Form to your library.
Are you sure you want to abandon this character and quit the game? (Confirm with "yes".)

.........#......
#.##....###.#..>
#.........#....#
###.##....#.....
##########... #..#.......
#.......#..# #..........
#..........####..........
#.................#..(...
#.......@.#.#.#..##......
#.......#........##......
#.........#.#.#..#..##...
#.......#..........#.##..
#..[...)[.#.#.#...###. ..
#.......#...........#.#
###....#......†.#...#..##
#.####........#...##..#
#. #.............#..#


There were no monsters in sight!

Vanquished Creatures
  2 dart slugs (D:1)
  2 kobolds (D:1)
  A ball python (D:1)
  A rat (D:1)
6 creatures vanquished.

Notes
Turn   | Place    | Note
-------+----------+-------------------------------------------
     0 | D:1      | Shayle the Demonspawn Reaver began the quest for the Orb.
     0 | D:1      | Reached XP level 1. HP: 16/16 MP: 3/3
   125 | D:1      | Gained mutation: You have sharp fingernails. [demonic
                  | ancestry]
   125 | D:1      | Reached XP level 2. HP: 22/22 MP: 5/5
   146 | D:1      | Quit the game

Illustrated notes

Levels and vault maps discovered:
D:1:      dpeg_arrival_simpleton_a, layout_rooms, serial_glass, glass_columns_a,
          glass_columns_b, minmay_tree_intersection, minmay_close_crescents

Action                   || total
-------------------------++-------
Melee: Hand axe          ||    14
Armor: Leather armour    ||     5
Dodge: Dodged            ||    11

Table legend: (Time is in decaauts)
 A = Elapsed time spent in this place.
 B = Non-inter-level travel time spent in this place.
 C = Inter-level travel time spent in this place.
 D = Time resting spent in this place.
 E = Time spent auto-exploring this place.
 F = Levels seen in this place.
 G = Mean time per level.
                   A        B        C        D        E       F      G
               +--------+--------+--------+--------+--------+-----+--------+
         Total |    148 |    148 |      0 |     53 |     30 |   1 |  148.0 |
       Dungeon |    148 |    148 |      0 |     53 |     30 |   1 |  148.0 |
               +--------+--------+--------+--------+--------+-----+--------+

Top non-repeatable levels by time:
     D:1: 148 daAuts
